Construct Section Command Post
Construct Platoon Command Post
Selects Indian Artillery Battlegroup
6-pounder Anti-tank Gun Team
Selects Gurkha Rifles Section
6-pounder Anti-tank Gun Team
Construct Company Command Post
Selects Volunteer Infantry
Selects Towed ML 4.2-inch Heavy Mortar
Selects Off-map Airburst Barrage